 Dungeon Crawl Stone Soup version 0.16-a0-3939-g9a3e665 (webtiles) character file.

83 timbw the Firebug (level 4, -2/27 HPs)
             Began as an Octopode Fire Elementalist on Feb 6, 2015.
             Slain by an orc wizard
             ... wielding a +0 dagger
              (6 damage)
             ... on level 5 of the Dungeon.
             The game lasted 00:02:53 (554 turns).

timbw the Firebug (Octopode Fire Elementalist)       Turns: 554, Time: 00:02:53

Health: -2/27      AC:  1    Str:  7    XL:     4   Next: 44%
Magic:  3/8        EV: 12    Int: 18    God:
Gold:   28         SH:  0    Dex: 12    Spells: 2 memorised, 4 levels left

rFire  . . .     SeeInvis .     e - +0 dagger
rCold  . . .     Clarity  .     (no shield)
rNeg   . . .     SustAb   .     (helmet restricted)
rPois  .         Gourm    .     (no amulet)
rElec  .         Spirit   .     (no ring)
rCorr  .         Warding  .     (no ring)
rMut   .         Stasis   .     (no ring)
MR     .....                    (no ring)
Stlth  +++.......               (no ring)
                                (no ring)
                                (no ring)
                                (no ring)

@: very slightly contaminated, not resistant to hostile enchantments, fairly
stealthy
A: almost no armour, amphibious, 8 rings, constrict 8, camouflage 1, gelatinous
body 1
a: no special abilities


You were on level 5 of the Dungeon.
You were not hungry.

You visited 1 branch of the dungeon, and saw 5 of its levels.

You collected 28 gold pieces.

Inventory:

Hand weapons
 d - a +4 short sword
 e - a +0 dagger (weapon)
Scrolls
 g - a scroll of enchant weapon {unknown}
 h - a scroll of amnesia {unknown}
 i - a scroll of identify {unknown}
Books
 b - a book of Flames

   Spells                             Type                      Level
   a - Flame Tongue                   Conjuration/Fire             1
   b - Throw Flame                    Conjuration/Fire             2
   c - Conjure Flame                  Conjuration/Fire             3
   d - Inner Flame                    Hexes/Fire                   3
   e - Sticky Flame                   Conjuration/Fire             4
   f - Fireball                       Conjuration/Fire             5
 f - a book of Alchemy

   Spells                             Type                      Level
   a - Sublimation of Blood           Necromancy                   2
   b - Alistair's Intoxication        Transmutation/Poison         4
   c - Condensation Shield            Ice                          4
   d - Petrify                        Transmutation/Earth          4
   e - Ignite Poison                  Fire/Transmutation           5
   f - Irradiate                      Conjuration/Transmutation    5
Comestibles
 c - 4 bread rations


   Skills:
 - Level 2.0 Dodging
 - Level 2.6 Stealth
 + Level 2.9 Spellcasting
 + Level 2.6 Conjurations
 + Level 3.7 Fire Magic


You had 4 spell levels left.
You knew the following spells:

 Your Spells              Type           Power        Failure   Level  Hunger
a - Flame Tongue          Conj/Fire      ##...        6%          1    None
b - Conjure Flame         Conj/Fire      ##......     17%         3    ###....


Dungeon Overview and Level Annotations

Branches:
Dungeon (5/15)
 Temple: D:4-7

Altars:

Shops:
D:4 %


Innate Abilities, Weirdness & Mutations

You cannot wear most types of armour.
You are amphibious.
You can wear up to eight rings at the same time.
You can use your tentacles to constrict many enemies at once.
Your skin changes colour to match your surroundings (Stealth).
Your rubbery body absorbs attacks (AC +1).


Message History

Aim: an orc wizard, wielding a dagger and wearing a robe (almost dead, constricted by you)
The flame tongue hits the orc wizard.
The orc wizard appears unharmed.
The orc wizard is almost dead.
You constrict the orc wizard.
You kill the orc wizard!
You have reached level 4!
The orc wizard hits you with a dagger.
An orc priest comes into view. It is wielding a club.
Drink which item? (? for menu, Esc to quit)
It was a potion of restore abilities.
You feel refreshed. The orc wizard casts a spell at you.
The puff of flame hits you!
* * * LOW HITPOINT WARNING * * *
Things that are here:
a dagger; a robe You hit the orc wizard.
You grab the orc wizard. Your squeeze misses the orc wizard.
The orc wizard is lightly wounded.
You constrict the orc wizard. The orc wizard hits you with a dagger.
You die...

#.......#
####..####
#.......# #.##.#..#
#########.##.#..#
#...).#...#..#..#
#...........##..##.
#..................
#.........@.....##
#.....#...#o#####
########.##)#
....#.# ###..#.#
#....# .o...#
##.### #.


You could see an orc wizard.

Vanquished Creatures
  An orc priest (D:4)
  An orc wizard (D:5)
  An adder (D:3)
  An adder skeleton (D:4)
  An orc (D:4)
  2 goblins (D:4)
  A hobgoblin (D:5)
  A kobold (D:4)
  2 rats
11 creatures vanquished.

Notes
Turn   | Place    | Note
--------------------------------------------------------------
     0 | D:1      | timbw, the Octopode Fire Elementalist, began the quest for the Orb.
     0 | D:1      | Reached XP level 1. HP: 11/11 MP: 3/3
    99 | D:3      | Reached XP level 2. HP: 7/17 MP: 1/4
   197 | D:4      | Found Qaanaucs' Food Shop.
   267 | D:4      | Reached XP level 3. HP: 4/21 MP: 0/6
   337 | D:4      | Learned a level 3 spell: Conjure Flame
   453 | D:5      | Entered Level 5 of the Dungeon
   549 | D:5      | Reached XP level 4. HP: 10/27 MP: 2/8
   554 | D:5      | Slain by an orc wizard

Action                   |  1- 3 |  4- 6 || total
-------------------------+-------+-------++-------
Melee: Unarmed           |     4 |       ||     4
       Dagger            |    11 |     1 ||    12
 Cast: Flame Tongue      |    17 |       ||    17
  Use: Potion            |     1 |     1 ||     2
 Stab: Sleeping          |     1 |       ||     1
